 Dungeon Crawl Stone Soup version 0.29-a0-323-g050149af67 (webtiles) character file.

Game seed: 15699443167391174241

8054 zishaf the Merchant of Misery (level 11, 0/77 HPs)
             Began as a Vampire Necromancer on Apr 11, 2022.
             Was a Believer of Kikubaaqudgha.
             Slain by a white ugly thing (28 damage)
             ... on level 11 of the Dungeon.
             The game lasted 00:28:22 (10916 turns).

zishaf the Merchant of Misery (VpNe)               Turns: 10916, Time: 00:28:26

Health: 0/77       AC: 16    Str: 10    XL:     11   Next: 4%
Magic:  20/26      EV: 10    Int: 22    God:    Kikubaaqudgha [**....]
Gold:   1385       SH:  9    Dex: 18    Spells: 3/18 levels left

rFire   + . .      SeeInvis +   a - +2 short sword (vamp)
rCold   . . .      Faith    .   M - +0 buckler
rNeg    . . .      Spirit   .   w - +5 ring mail "Xoelil" {Regen+ Dex+3}
rPois   .          Reflect  +   l - +1 helmet
rElec   .          Harm     .   (no cloak)
rCorr   .          Rampage  .   z - +2 pair of gloves {Str+3}
Will    +....                   (no boots)
Stlth   ++........              k - amulet of reflection
HPRegen 1.22/turn               d - ring of magical power
MPRegen 0.20/turn               D - ring of protection from fire

@: freezing walls, healing quickly
A: alive, fangs 3, see invisible, vampiric 2
a: Exsanguinate, Renounce Religion, Receive Corpses


You were on level 11 of the Dungeon.
You worshipped Kikubaaqudgha.
Kikubaaqudgha was pleased with you.
You visited 2 branches of the dungeon, and saw 12 of its levels.

You collected 1385 gold pieces.

Inventory:

Hand Weapons
 a - a +2 vampiric short sword (weapon)
Missiles
 C - 3 curare-tipped darts
Armour
 l - a +1 helmet (worn)
 w - the +5 ring mail "Xoelil" (worn) {Regen+ Dex+3}
   (You found it on level 4 of the Dungeon)

   Dex:       It affects your dexterity (+3).
   Regen:     It increases your rate of health regeneration.
 z - a +2 pair of gloves of strength (worn)
 M - a +0 buckler (worn)
Magical Staves
 b - a staff of death
Jewellery
 c - an amulet of faith
 d - a ring of magical power (left hand)
 k - an amulet of reflection (around neck)
 p - a ring of fire
 s - a ring of ice
 D - a ring of protection from fire (right hand)
 L - an amulet of the acrobat
Wands
 r - a wand of flame (71)
 y - a wand of acid (6)
 E - a wand of polymorph (12)
 K - a wand of mindburst (11)
Scrolls
 e - a scroll of blinking
 f - 8 scrolls of teleportation
 g - 5 scrolls of magic mapping
 h - a scroll of immolation
 v - 2 scrolls of vulnerability
 A - a scroll of fog
 F - a scroll of enchant weapon
 J - a scroll of summoning
Potions
 i - 3 potions of haste
 j - a potion of might {unknown}
 m - 3 potions of magic
 n - 2 potions of curing
 o - 3 potions of berserk rage
 q - 4 potions of attraction {unknown}
 t - 4 potions of brilliance {unknown}
 u - a potion of resistance {unknown}
 x - 2 potions of heal wounds {unknown}
 H - 2 potions of flight {unknown}
 I - a potion of lignification {unknown}


   Skills:
 - Level 4.0 Fighting
 - Level 4.0 Armour
 - Level 2.1 Dodging
 - Level 3.0 Stealth
 + Level 1.2 Shields
 + Level 4.3 Spellcasting
 + Level 12.6 Necromancy
 + Level 10.4 Ice Magic


You had 3 spell levels left.
You knew the following spells:

 Your Spells              Type           Power      Damage    Failure   Level
a - Pain                  Necr           100%       1d9       1%          1
b - Vampiric Draining     Necr           57%        2d10      1%          3
c - Animate Dead          Necr           28%        N/A       1%          4
d - Frozen Ramparts       Ice            100%       1d12      1%          3
e - Dispel Undead         Necr           57%        3d20      1%          4

Your spell library contained the following spells:

 Spells                   Type           Power      Damage    Failure   Level
 Animate Skeleton         Necr           100%       N/A       1%          1
 Sublimation of Blood     Necr           57%        N/A       1%          2
 Corpse Rot               Necr/Air       64%        N/A       4%          2
 Static Discharge         Conj/Air       4%         N/A       47%         2
 Agony                    Necr           57%        N/A       5%          5
 Anguish                  Hex/Necr       16%        N/A       26%         4
 Death Channel            Necr           28%        N/A       30%         6
 Ice Form                 Ice/Tmut       27%        N/A       38%         4
 Summon Ice Beast         Ice/Summ       27%        N/A       38%         4
 Simulacrum               Ice/Necr       26%        N/A       43%         6
 Petrify                  Tmut/Erth      4%         N/A       98%         4
 Sticky Flame             Conj/Fire      4%         2d3       98%         4
 Irradiate                Conj/Tmut      2%         3d14      100%        5


Dungeon Overview and Level Annotations

Branches:
Dungeon (11/15)            Temple (1/1) D:5             Orc (0/2) D:10
   Lair: D:8-11

Altars:
Ashenzari
Cheibriados
Dithmenos
Elyvilon
Fedhas
Gozag
Hepliaklqana
Kikubaaqudgha
Makhleb
Nemelex Xobeh
Okawaru
Qazlal
Ru
Sif Muna
Trog
Uskayaw
Vehumet
Wu Jian
Xom
Yredelemnul
Zin
The Shining One
Jiyva

Shops:
D:1 (   D:10 =?


Innate Abilities, Weirdness & Mutations

Your natural rate of healing is accelerated.
You have razor-sharp teeth.
You have supernaturally acute eyesight. (SInv)
You are afflicted with vampirism and can become a bat while bloodless.


Message History

The white ugly thing gurgles horribly!
You hear an angry buzzing noise.
The bullfrog swells and bulges.
The bullfrog barely misses you.
The bullfrog hits you but does no damage.
You hit the bullfrog.
You feel better.
The bullfrog is moderately wounded.
The bullfrog hits you but does no damage.
You block the bullfrog's attack. The bullfrog attacks as you move away!
The bullfrog closely misses you. You block the bullfrog's attack.
You block the bullfrog's attack.
Casting: Vampiric Draining (safe; 1% risk of failure)
Confirm with . or Enter, or press ? or * to list all spells.
Casting: Frozen Ramparts (safe; 1% risk of failure)
Press: ? - help, Dir - look around, f - activate The walls around you are covered in ice.
The wall freezes the bullfrog.
You block the bullfrog's attack.
The white ugly thing resists.
The wall freezes the white ugly thing.
Unknown command.
You hit the bullfrog. Your bite misses the bullfrog.
The bullfrog is heavily wounded.
The wall freezes the bullfrog!
The bullfrog barely misses you.
You block the white ugly thing's attack.
The wall freezes the bullfrog.
The bullfrog hits you but does no damage.
You hit the bullfrog.
You kill the bullfrog!
Kikubaaqudgha accepts your kill. The white ugly thing stings you!
The white ugly thing freezes you!!
The white ugly thing stings you but does no damage.
Casting: Frozen Ramparts (safe; 1% risk of failure)
Confirm with . or Enter, or press ? or * to list all spells.
Aiming: Vampiric Draining (safe; 1% risk of failure)
Press: ? - help, Shift-Dir - straight line, f - white ugly thing
Aim: a white ugly thing You draw life force from the white ugly thing.
You feel life coursing into your body. The white ugly thing stings you!
The white ugly thing freezes you!!
You die...
Kikubaaqudgha rasps: "You have failed me!
Welcome... death!"

....♣ ♣♣.....#..#
.....♣♣♣.......#.#
≈≈≈...♣...≈≈≈....#
≈≈≈≈.....≈≈≈≈≈...#
≈_≈≈.....≈≈♣≈≈...#
≈≈≈≈.....≈≈≈≈≈..##
≈≈≈...♣...≈≈≈...#
..... ♣♣...u...##
.... ♣♣..†@.## ♣.♣
♣♣##### ♣


You could see a white ugly thing.

Vanquished Creatures
  Fannar (D:11)
  A two-headed ogre (D:10)
  An ugly thing (D:10)
  A troll (D:10)
  A wraith (D:9)
  A shadow (D:9)
  A steam dragon (D:10)
  Edmund (D:6)
  Duvessa (D:7)
  2 water moccasins
  5 orc warriors
  4 black bears
  3 centaurs
  2 kobold brigands
  4 bullfrogs
  2 gnoll sergeants
  2 necrophages
  A scorpion (D:6)
  18 wights
  Dowan (D:7)
  30 killer bees
  A howler monkey (D:8)
  5 jellies
  2 hounds
  A gnoll shaman (D:7)
  5 orc priests
  6 iguanas
  5 orc wizards
  A mummy (D:4)
  18 gnolls
  7 adders
  2 shadow imps
  A white imp (D:6)
  2 ufetubi
  A worm (D:2)
  5 dart slugs
  32 orcs
  9 endoplasms
  4 giant cockroaches
  8 goblins
  6 hobgoblins
  9 jackals
  5 quokkas
  8 ball pythons
  4 bats
  3 frilled lizards
  9 kobolds
  4 rats
246 creatures vanquished.

Vanquished Creatures (collateral kills)
  A wight (D:8)
  2 killer bees (D:8)
  A kobold (D:11)
4 creatures vanquished.

Vanquished Creatures (others)
  41 fungi (D:11)
  53 plants
94 creatures vanquished.

Grand Total: 344 creatures vanquished

Notes
Turn   | Place    | Note
-------+----------+-------------------------------------------
     0 | D:1      | zishaf the Vampire Necromancer began the quest for the Orb.
     0 | D:1      | Reached XP level 1. HP: 13/13 MP: 3/3
   312 | D:1      | Reached XP level 2. HP: 19/20 MP: 3/5
   346 | D:1      | Reached skill level 1 in Fighting
   364 | D:1      | Found Anirauly's Antique Weapon Shop.
   850 | D:1      | Reached skill level 5 in Necromancy
   850 | D:1      | Gained mutation: You are afflicted with vampirism and can
                  | become a bat while bloodless. [Vampire growth]
   850 | D:1      | Reached XP level 3. HP: 25/26 MP: 4/6
  1140 | D:1      | Learned a level 3 spell: Vampiric Draining
  1420 | D:2      | Reached XP level 4. HP: 32/33 MP: 5/7
  1812 | D:2      | Learned a level 3 spell: Frozen Ramparts
  2222 | D:3      | Found a faded altar of an unknown god.
  2455 | D:3      | Reached skill level 1 in Ice Magic
  2615 | D:3      | Reached XP level 5. HP: 37/39 MP: 5/8
  2886 | D:3      | Found a shimmering blue altar of Sif Muna.
  3172 | D:4      | Identified the +5 ring mail "Xoelil" {Regen+ Dex+3}
  3496 | D:4      | Found a snail-covered altar of Cheibriados.
  3520 | D:4      | Reached skill level 1 in Armour
  3606 | D:4      | Reached skill level 6 in Necromancy
  3728 | D:5      | Entered Level 5 of the Dungeon
  3868 | D:5      | Reached XP level 6. HP: 46/47 MP: 3/9
  4008 | D:5      | Identified 2 scrolls of acquirement
  4008 | D:5      | Acquired a +2 pair of gloves of strength
  4022 | D:5      | Acquired 742 gold pieces
  4042 | D:5      | Found a staircase to the Ecumenical Temple.
  4090 | Temple   | Entered the Ecumenical Temple
  4229 | Temple   | Became a worshipper of Kikubaaqudgha
  4417 | D:5      | Found a sacrificial altar of Ru.
  4433 | D:5      | Noticed a water moccasin
  4442 | D:5      | Killed a water moccasin
  4443 | D:5      | Reached XP level 7. HP: 48/53 MP: 0/10
  4660 | D:5      | Found a hide-covered altar of Uskayaw.
  4661 | D:5      | Found an ornate altar of the Wu Jian Council.
  5113 | D:5      | Found a sparkling altar of Nemelex Xobeh.
  5342 | D:6      | Reached skill level 7 in Necromancy
  5525 | D:6      | You fall into a shaft and drop 2 floors!
  5634 | D:6      | Noticed Edmund
  5648 | D:6      | Killed Edmund
  5649 | D:6      | Reached XP level 8. HP: 60/60 MP: 1/12
  6709 | D:7      | Noticed Duvessa
  6709 | D:7      | Noticed Dowan
  6723 | D:7      | Killed Duvessa
  6727 | D:7      | Killed Dowan
  6807 | D:7      | Reached * piety under Kikubaaqudgha
  6807 | D:7      | Received a gift from Kikubaaqudgha
  6937 | D:7      | Reached skill level 8 in Necromancy
  7025 | D:7      | Reached skill level 5 in Ice Magic
  7031 | D:7      | Found a burning altar of Makhleb.
  7032 | D:7      | Found a bloodstained altar of Trog.
  7206 | D:7      | Reached XP level 9. HP: 54/65 MP: 15/15
  7653 | D:7      | Learned a level 4 spell: Animate Dead
  7658 | D:7      | Learned a level 4 spell: Dispel Undead
  7800 | D:8      | Reached skill level 9 in Necromancy
  8026 | D:8      | Reached ** piety under Kikubaaqudgha
  8110 | D:8      | Reached skill level 10 in Necromancy
  8275 | D:8      | Found a blossoming altar of Fedhas.
  8823 | D:9      | Reached XP level 10. HP: 71/71 MP: 16/16
  9103 | D:9      | Reached skill level 11 in Necromancy
  9112 | D:9      | Found a broken altar of Ashenzari.
  9131 | D:9      | Reached *** piety under Kikubaaqudgha
  9131 | D:9      | Received a gift from Kikubaaqudgha
  9385 | D:9      | Found a viscous altar of Jiyva.
  9602 | D:10     | Entered Level 10 of the Dungeon
  9801 | D:10     | Noticed a two-headed ogre
  9812 | D:10     | Killed a two-headed ogre
  9940 | D:10     | Found Feapy's Magic Scroll Shoppe.
  9984 | D:10     | Noticed a brown ugly thing
  9995 | D:10     | Killed a brown ugly thing
  9996 | D:10     | Reached skill level 12 in Necromancy
 10072 | D:10     | Reached skill level 10 in Ice Magic
 10106 | D:10     | Found a staircase to the Orcish Mines.
 10397 | D:10     | Found Vocut's Jewellery Shop.
 10642 | D:11     | Noticed Fannar
 10831 | D:11     | Killed Fannar
 10832 | D:11     | Reached skill level 1 in Shields
 10832 | D:11     | Reached XP level 11. HP: 38/77 MP: 17/17
 10904 | D:11     | Noticed a white ugly thing
 10916 | D:11     | Slain by a white ugly thing

Illustrated notes

Levels and vault maps discovered:
D:1:      dpeg_arrival_snail, layout_basic, serial_shops,
          nicolae_shop_hallway_stairs, minmay_pentomino_x4
D:2:      layout_basic, serial_glass, glass_columns_a, glass_columns_c,
          glass_columns_b, glass_columns_c, glass_columns_a, glass_columns_b,
          serial_bayou_crossing
D:3:      layout_rooms, mainiacjoe_overflow_chevrons,
          lemuel_coloured_pillars_altar, hellmonk_ecumenical_altar_arch_garden
D:4:      layout_rooms, slow_altar_1
D:5:      layout_basic, mainiacjoe_overflow_brackets, nicolae_ru_awakened_eye,
          minitemple, minmay_temple_entry_overgrown
D:6:      layout_layer_cave, uniq_edmund
D:7:      layout_basic, nicolae_overflow_squiral, uniq_duvessa
D:8:      layout_loops_ring, fedhas_altar_2
D:9:      layout_loops_ring, evilmike_ruin_ashenzari, jiyva_altar_1
D:10:     layout_loops_cross, tso_altar, david_orc_4, serial_shops, shop,
          nicolae_square_shop
D:11:     layout_basic, due_lair_maze_entry_diamond, elyvilon_altar_3,
          uniq_fannar
Temple:   zaba_magenta_temple

Skill      XL: |  1  2  3  4  5  6  7  8  9 10 |
---------------+-------------------------------+-----
Fighting       | 1 2 3 4 |  4.0
Necromancy     | 5 6 7 8 10 12 | 12.6
Ice Magic      | 1 2 3 4 5 8 10 | 10.4
Armour         | 1 2 4 |  4.0
Spellcasting   | 4 |  4.3
Shields        | 1 |  1.2
Dodging        | |  2.1
Stealth        | |  3.0

Action                   |  1- 3 |  4- 6 |  7- 9 | 10-12 || total
-------------------------+-------+-------+-------+-------++-------
Melee: Dagger            |    43 |       |       |       ||    43
       Bite              |     3 |    15 |    40 |    19 ||    77
       Short sword       |       |    96 |   250 |    70 ||   416
       Staff             |       |       |     8 |       ||     8
       Punch             |       |       |     3 |       ||     3
 Cast: Pain              |    57 |    98 |    37 |     4 ||   196
       Vampiric Draining |       |     6 |    19 |    13 ||    38
       Frozen Ramparts   |       |       |    18 |    16 ||    34
       Dispel Undead     |       |       |     6 |     9 ||    15
       Animate Dead      |       |       |     3 |     2 ||     5
Evoke: Wand              |       |       |     1 |    10 ||    11
  Use: Scroll            |       |     9 |     1 |    10 ||    20
 Stab: Sleeping          |     1 |     1 |     2 |     1 ||     5
       Distracted        |       |     2 |       |       ||     2
Armor: Robe              |    11 |     6 |       |       ||    17
       Ring mail         |       |    58 |   185 |    56 ||   299
Dodge: Dodged            |    52 |    60 |   216 |    67 ||   395
Block: Buckler           |       |       |       |    18 ||    18
       Other             |       |       |       |    11 ||    11
       Reflection        |       |       |       |     3 ||     3

Table legend: (Time is in decaauts)
 A = Elapsed time spent in this place.
 B = Non-inter-level travel time spent in this place.
 C = Inter-level travel time spent in this place.
 D = Time resting spent in this place.
 E = Time spent auto-exploring this place.
 F = Levels seen in this place.
 G = Mean time per level.
                   A        B        C        D        E       F      G
               +--------+--------+--------+--------+--------+-----+--------+
         Total |  10973 |  10598 |    375 |    257 |   8287 |  12 |  914.4 |
       Dungeon |  10816 |  10492 |    324 |    257 |   8187 |  11 |  983.3 |
        Temple |    156 |    105 |     51 |      0 |    100 |   1 |  156.0 |
               +--------+--------+--------+--------+--------+-----+--------+

Top non-repeatable levels by time:
     D:6: 1404 daAuts
     D:5: 1346 daAuts
     D:2: 1147 daAuts
     D:1: 1078 daAuts
     D:7: 1040 daAuts
    D:10: 1016 daAuts
     D:8: 1006 daAuts
     D:9: 912 daAuts
     D:4: 782 daAuts
     D:3: 771 daAuts
    D:11: 309 daAuts
  Temple: 156 daAuts
